 Dungeon Crawl Stone Soup version 0.31.0-32-g396128a36d (webtiles) character file.

Game seed: 7308930116138912888

227 TacoSundae the Ruffian (level 6, -2/30 HPs)
             Began as a Vine Stalker Shapeshifter on Apr 11, 2024.
             Slain by a gnoll
             ... wielding a +0 flail
              (10 damage)
             ... on level 3 of the Dungeon.
             The game lasted 00:03:35 (1683 turns).

TacoSundae the Ruffian (Vine Stalker Shapeshifter)  Turns: 1683, Time: 00:03:36

Health: -2/30      AC:  5    Str: 19    XL:     6   Next: 2%
Magic:  0/7        EV: 11    Int: 10    God:
Gold:   36         SH:  0    Dex: 13    Spells: 5/5 levels left

rFire   . .          .
                       - Unarmed
rCold   . . .        (no shield)
rNeg    . . .        m - +0 ring mail
rPois   .            (helmet currently unavailable)
rElec   .            (cloak currently unavailable)
rCorr   .            (gloves currently unavailable)
SInv    .            (boots currently unavailable)
Will    .....        (no amulet)
Stlth   +            (no ring)
HPRegen 1.05/turn    (no ring)
MPRegen 0.10/turn

%: guardian spirit
@: beast-form
A: beast (slay +2), fangs 2, regeneration 1, magic shield, antimagic bite, no
potion heal 2
a: Begin Untransformation


You were on level 3 of the Dungeon.
You were a hulking beast.
You visited 1 branch of the dungeon, and saw 3 of its levels.

You collected 76 gold pieces.
You spent 40 gold pieces at shops.

Inventory:

Missiles
 b - 5 poisoned darts (quivered)
Armour
 m - a +0 ring mail (worn)
Talismans
 c - a beast talisman
 d - a flux talisman
Scrolls
 a - a scroll of torment {unknown}
 e - a scroll of revelation {unknown}
 i - a scroll of teleportation {unknown}
 j - a scroll of summoning {unknown}
 l - 2 scrolls of identify
Potions
 f - a potion of haste {unknown}
 g - 3 potions of degeneration {unknown}
 h - a potion of heal wounds {unknown}
 k - a potion of curing {unknown}
 n - 2 potions of berserk rage {unknown}
 o - a potion of mutation {unknown}


   Skills:
 - Level 1.1 Fighting
 - Level 1.7 Dodging
 + Level 4.9 Unarmed Combat
 + Level 4.6 Shapeshifting


You had 5 spell levels left.
You didn't know any spells.
Your spell library was empty.

Dungeon Overview and Level Annotations

Branches:
Dungeon (3/15)

Altars:

Shops:
D:1 *   D:2 *

Portals:
Sewer: D:3


Innate Abilities, Weirdness & Mutations

You are a hulking beast.
Your limbs bulge with bestial killing power. (Slay +2)
You have extremely sharp teeth.
Your natural rate of healing is unusually fast.
When hurt, damage is shared between your health and your magic reserves.
Your bite disrupts and absorbs the magic of your enemies.
Potions cannot restore your health.


Message History

The adder is moderately wounded.
You hear the slow rusting of a drain.
The adder bites you.
You are poisoned.
The adder poisons you! The gnoll hits you with a +0 flail.
You punch the adder!
You kill the adder!
You feel sick.
You have reached level 6!
You feel sick. The gnoll attacks as it pursues you!
The gnoll closely misses you. The ball python closely misses you.
The ball python grabs you. The ball python constricts you.
You escape the ball python's grasp.
You feel sick.
You feel sick. The gnoll attacks as it pursues you!
The gnoll hits you with a +0 flail!
You are too injured to fight recklessly!
You are too injured to fight recklessly!
You hit the gnoll. Your bite misses the gnoll.
The gnoll is moderately wounded.
You feel sick.
You are no longer poisoned.
The gnoll misses you.
You barely miss the gnoll. Your bite misses the gnoll.
The gnoll is moderately wounded.
The gnoll hits you with a +0 flail.
* * * LOW HITPOINT WARNING * * *
The gnoll attacks as it pursues you! The gnoll misses you.
The gnoll attacks as it pursues you! The gnoll hits you with a +0 flail!
* * * LOW HITPOINT WARNING * * *
The ball python attacks as it pursues you!
The ball python barely misses you. The ball python grabs you.
The ball python constricts you.
The ball python's grasp on you weakens, but your attempt to escape fails.
The ball python bites you but does no damage.
The ball python constricts you.
* * * LOW HITPOINT WARNING * * *
The gnoll closely misses you.
You escape the ball python's grasp.
The gnoll attacks as it pursues you! The gnoll hits you with a +0 flail!
You die...

#.#.....#..#
#.#...#.#..
#.#..##.#.# #
#<#)....#.#
#.##†.......#
#...........#########
####.................
#......Sg.........
##.......#h...!...#
#.......##).......♣
#.......##......P.~
#[......##.....P~~.
#.<........###P~~~~
#....#~..#..# .~~P~
......~~~~~...#P~~.~
.##.#~~~~~~~#.# ~~
#.~~~~~~~~..#


You could see a gnoll and a ball python.

Vanquished Creatures
  A scorpion (D:2)
  Natasha (thrice) (D:2)
  An orc wizard (D:2)
  3 adders
  3 dart slugs
  4 orcs
  4 endoplasms
  3 giant cockroaches
  A hobgoblin (D:1)
  A jackal (D:1)
  3 kobolds (D:1)
  2 quokkas (D:2)
  2 ball pythons
  A bat (D:1)
  3 frilled lizards
  5 goblins
  2 rats (D:2)
42 creatures vanquished.

Notes
Turn   | Place    | Note
-------+----------+-------------------------------------------
     0 | D:1      | TacoSundae the Vine Stalker Shapeshifter began the quest
                  | for the Orb.
     0 | D:1      | Reached XP level 1. HP: 9/9 MP: 2/2
    75 | D:1      | Reached skill level 1 in Fighting
   161 | D:1      | Reached XP level 2. HP: 14/14 MP: 3/3
   396 | D:1      | Found Lyphar's Assorted Antiques.
   404 | D:1      | Bought a scroll labelled LUTO XIDYIHOUJ for 16 gold pieces
   673 | D:2      | Reached XP level 3. HP: 18/18 MP: 4/4
   749 | D:2      | Reached XP level 4. HP: 22/22 MP: 3/5
   772 | D:2      | Found Anes's General Store.
   783 | D:2      | Bought a scroll of identify for 24 gold pieces
  1103 | D:2      | Noticed Natasha
  1113 | D:2      | Killed Natasha
  1154 | D:2      | Noticed a scorpion
  1166 | D:2      | Killed a scorpion
  1167 | D:2      | Reached XP level 5. HP: 25/25 MP: 2/6
  1391 | D:2      | Noticed Natasha
  1398 | D:2      | Killed Natasha
  1565 | D:2      | Noticed Natasha
  1573 | D:2      | Killed Natasha
  1659 | D:3      | Found a glowing drain.
  1673 | D:3      | Reached XP level 6. HP: 20/30 MP: 3/7
  1683 | D:3      | Slain by a gnoll

Illustrated notes

Levels and vault maps discovered:
D:1:      dpeg_arrival_brainrot, layout_basic, serial_shops, shop
D:2:      layout_basic, serial_shops, shop, uniq_natasha
D:3:      layout_basic, mainiacjoe_overflow_surrounded_room,
          cheibrodos_sewer_entry_drain, serial_bayou_pond_b

Skill      XL: |  1  2  3  4 |
---------------+-------------+-----
Fighting       | 1 |  1.1
Unarmed Combat | 4 |  4.9
Shapeshifting  | 4 |  4.6
Dodging        | |  1.7

Action                     |  1- 3 |  4- 6 || total
---------------------------+-------+-------++-------
  Melee: Unarmed           |    59 |    67 ||   126
         Bite              |    12 |    10 ||    22
         Punch             |     4 |     1 ||     5
    Use: Potion            |       |     1 ||     1
   Stab: Sleeping          |     1 |       ||     1
 Armour: Animal skin       |    20 |       ||    20
         Ring mail         |       |    30 ||    30
         Skin              |       |    10 ||    10
  Dodge: Dodged            |    34 |    29 ||    63
